 Dungeon Crawl Stone Soup version 0.18.1-2-ga659475 (webtiles) character file.

1376 Hipnos the Destroyer (level 8, -9/52 HPs)
             Began as a Mummy Conjurer on May 8, 2016.
             Was a Believer of Sif Muna.
             Mangled by an orc warrior
             ... wielding a +0 hand axe
              (15 damage)
             ... on level 7 of the Dungeon.
             The game lasted 00:32:38 (6769 turns).

Hipnos the Destroyer (Mummy Conjurer)               Turns: 6769, Time: 00:32:39

Health: -9/52      AC:  6    Str: 12    XL:     8   Next: 39%
Magic:  1/13       EV: 12    Int: 16    God:    Sif Muna [**....]
Gold:   324        SH:  6    Dex: 12    Spells: 4 memorised, 3 levels left

rFire  x . .     SeeInvis .     o - +2 short sword (drain)
rCold  + + .     Gourm    .     a - +0 robe
rNeg   + + +     Faith    .     p - +0 buckler
rPois  ∞         Spirit   .     c - +2 helmet
rElec  .         Dismiss  .     (no cloak)
rCorr  .         Reflect  +     l - +0 pair of gloves
SustAt .         Harm     .     (no boots)
MR     +....                    t - +3 amulet of reflection
Stlth  ++........               (no ring)
                                k - ring of protection from cold

@: somewhat resistant to hostile enchantments, unstealthy
A: no food or potions, fire vulnerability, cold resistance 1, negative energy
resistance 3, torment resistance, unbreathing
a: Channel Energy, Renounce Religion


You were on level 7 of the Dungeon.
You worshipped Sif Muna.
Sif Muna was pleased with you.
You were not hungry.

You visited 1 branch of the dungeon, and saw 7 of its levels.

You collected 324 gold pieces.

Inventory:

Hand Weapons
 o - a +2 short sword of draining (weapon)
Missiles
 d - 237 stones (quivered)
Armour
 a - a +0 robe (worn)
 c - a +2 helmet (worn)
 l - a +0 pair of gloves (worn)
 p - a +0 buckler (worn)
Jewellery
 k - a ring of protection from cold (left hand)
 t - a +3 amulet of reflection (around neck)
Wands
 n - a wand of disintegration (10/24)
 q - a wand of flame (17/48)
Scrolls
 e - a scroll of holy word {unknown}
 f - 2 scrolls of identify
 g - a scroll of fog {unknown}
 i - 10 scrolls of remove curse
 j - a scroll of teleportation
 m - a scroll of magic mapping
Books
 b - a book of Conjurations

   Spells                             Type                      Level
   a - Magic Dart                     Conjuration                  1
   b - Searing Ray                    Conjuration                  2
   c - Dazzling Spray                 Conjuration/Hexes            3
   d - Fulminant Prism                Conjuration/Hexes            4
   e - Iskenderun's Mystic Blast      Conjuration                  4
   f - Iskenderun's Battlesphere      Conjuration/Charms           5


   Skills:
 - Level 3.0 Dodging
 - Level 1.5 Stealth
 - Level 1.0 Shields
 + Level 3.9 Spellcasting
 * Level 8.1 Conjurations
 - Level 1.0 Invocations


You had 3 spell levels left.
You knew the following spells:

 Your Spells              Type           Power        Failure   Level  Hunger
a - Magic Dart            Conj           ####         1%          1    N/A
b - Searing Ray           Conj           ####..       1%          2    N/A
c - Fulminant Prism       Conj/Hex       ###.......   47%         4    N/A
d - Iskenderun's Mystic   Conj           ####....     10%         4    N/A

Dungeon Overview and Level Annotations

Branches:
Dungeon (7/15)
 Temple: D:4-7

Altars:
Gozag
Kikubaaqudgha
Makhleb
Okawaru
Pakellas
Ru
Sif Muna
Trog
Zin
The Shining One

Shops:
D:5 ?

Annotations:
D:3 Zleub's ghost, amateur DrCj
D:5 Eustachio


Innate Abilities, Weirdness & Mutations

You do not eat or drink.
Your flesh is vulnerable to fire.
You are immune to poison.
Your flesh is cold resistant.
You are immune to negative energy.
You are immune to unholy pain and torment.
You can survive without breathing.


Message History

Aiming: Searing Ray
Press: ? - help, Shift-Dir - straight line, f - orc warrior
Aim: an orc warrior, wielding a hand axe and wearing a chain mail (severely wounded)
The searing ray hits the orc warrior.
The orc warrior is almost dead.
The orc warrior hits you with a hand axe.
* * * LOW HITPOINT WARNING * * *
Without enough magic to sustain it, your searing ray dissipates.
The orc warrior hits you with a hand axe.
* * * LOW HITPOINT WARNING * * *
An ice beast comes into view.
Casting: Searing Ray
Confirm with . or Enter, or press ? or * to list all spells.
Aiming: Magic Dart
Press: ? - help, Shift-Dir - straight line, f/p - orc warrior
Aim: an orc warrior, wielding a hand axe and wearing a chain mail (almost dead)
The magic dart hits the orc warrior.
The orc warrior is almost dead.
The orc warrior hits you with a hand axe!
You die...

# #####.#
#..<..#
#.#.......#
#.#.#####.#
#.#######.##
#...o@.....#
#######....#
...# Y.# .#
#


You could see an orc warrior and an ice beast.

Vanquished Creatures
  The ghost of zkyp the Grave Robber, an amateur DgNe (D:5)
  Menkaure (D:4)
  2 sky beasts (D:5)
  An ogre (D:4)
  A giant frog (D:4)
  2 crimson imps (D:5)
  A centaur zombie (D:5)
  A giant frog skeleton (D:5)
  3 hounds (D:4)
  2 orc priests (D:3)
  3 orc wizards
  7 worker ants
  2 hound skeletons (D:4)
  8 adders
  A shadow imp (D:5)
  3 oozes
  An adder skeleton (D:5)
  2 worms
  2 dart slugs (D:2)
  3 giant geckos
  14 orcs
  7 bats
  5 giant cockroaches
  4 goblins
  5 hobgoblins
  2 jackals (D:3)
  A quokka (D:4)
  A ball python (D:2)
  5 giant newts
  7 kobolds
  7 rats
105 creatures vanquished.

Notes
Turn   | Place    | Note
--------------------------------------------------------------
     0 | D:1      | Hipnos the Mummy Conjurer began the quest for the Orb.
     0 | D:1      | Reached XP level 1. HP: 13/13 MP: 3/3
   544 | D:1      | Reached XP level 2. HP: 18/19 MP: 0/5
  1404 | D:2      | Reached skill level 4 in Conjurations
  1439 | D:2      | Learned a level 2 spell: Searing Ray
  1610 | D:2      | Reached XP level 3. HP: 24/24 MP: 4/6
  2231 | D:2      | Found a deep blue altar of Sif Muna.
  2239 | D:2      | Became a worshipper of Sif Muna the Loreminder
  2585 | D:2      | Reached XP level 4. HP: 22/30 MP: 1/7
  3142 | D:3      | Reached skill level 5 in Conjurations
  3361 | D:3      | Reached XP level 5. HP: 35/35 MP: 3/8
  3636 | D:3      | Found a sacrificial altar of Ru.
  3693 | D:3      | Noticed Zleub's ghost (amateur DrCj)
  3901 | D:4      | Learned a level 4 spell: Fulminant Prism
  3941 | D:4      | Reached * piety under Sif Muna
  3953 | D:4      | Reached XP level 6. HP: 28/41 MP: 2/9
  4281 | D:4      | Reached skill level 6 in Conjurations
  4749 | D:4      | Found an oddly glowing altar of Pakellas.
  4749 | D:4      | Noticed a rakshasa
  4803 | D:4      | Reached XP level 7. HP: 46/46 MP: 5/11
  4939 | D:4      | Found an oddly glowing altar of Pakellas.
  4948 | D:4      | Found an ancient bone altar of Kikubaaqudgha.
  4948 | D:4      | Found a bloodstained altar of Trog.
  4968 | D:4      | Found a glowing golden altar of the Shining One.
  4969 | D:4      | Found an iron altar of Okawaru.
  4993 | D:4      | Learned a level 4 spell: Iskenderun's Mystic Blast
  5184 | D:5      | Entered Level 5 of the Dungeon
  5202 | D:5      | Reached ** piety under Sif Muna
  5202 | D:5      | Reached skill level 7 in Conjurations
  5417 | D:5      | Noticed Menkaure
  5450 | D:4      | Killed Menkaure
  5599 | D:5      | Noticed zkyp's ghost (amateur DgNe)
  5610 | D:5      | Killed zkyp's ghost
  5610 | D:5      | Reached skill level 1 in Invocations
  5610 | D:5      | Reached XP level 8. HP: 42/52 MP: 1/13
  5683 | D:5      | Reached skill level 1 in Shields
  5806 | D:5      | Found an opulent altar of Gozag.
  5998 | D:5      | Found a burning altar of Makhleb.
  5999 | D:5      | Noticed an Executioner
  6006 | D:5      | Noticed Eustachio
  6053 | D:5      | Found a glowing silver altar of Zin.
  6124 | D:5      | Reached skill level 8 in Conjurations
  6459 | D:5      | Found Ciluv's Magic Scroll Shoppe.
  6769 | D:7      | Mangled by an orc warrior

Skill      XL: |  1  2  3  4  5  6  7  8 |
---------------+-------------------------+-----
Conjurations   | 4 5 6 7 8 |  8.1
Dodging        | 2 3 |  3.0
Spellcasting   | 3 |  3.9
Invocations    | 1 |  1.0
Shields        | 1 |  1.0
Stealth        | |  1.5

Action                   |  1- 3 |  4- 6 |  7- 9 || total
-------------------------+-------+-------+-------++-------
Melee: Dagger            |    34 |    23 |       ||    57
       Unarmed           |     3 |       |       ||     3
       Short sword       |       |    28 |    10 ||    38
 Cast: Magic Dart        |    80 |   111 |    55 ||   246
       Searing Ray       |     1 |     3 |    24 ||    28
       Iskenderun's Myst |       |       |     6 ||     6
Invok: Channel Energy    |       |       |    32 ||    32
  Use: Scroll            |       |     1 |     5 ||     6
 Stab: Sleeping          |     1 |     1 |     1 ||     3
Armor: Robe              |    16 |    22 |    36 ||    74
Dodge: Dodged            |    54 |    47 |    63 ||   164
Block: Buckler           |       |     7 |    42 ||    49
       Reflection        |       |       |     2 ||     2
